 Dungeon Crawl Stone Soup version 0.20-a0-760-g49f5558 (webtiles) character file.

83 w00t the Chopper (level 4, -2/28 HPs)
             Began as a Gargoyle Monk on Feb 25, 2017.
             Slain by an orc
             ... wielding a +0 whip
              (4 damage)
             ... on level 4 of the Dungeon.
             The game lasted 00:01:38 (1853 turns).

w00t the Chopper (Gargoyle Monk)                    Turns: 1853, Time: 00:01:38

Health: -2/28      AC:  5    Str: 15    XL:     4   Next: 44%
Magic:  4/4        EV:  8    Int: 10    God:
Gold:   93         SH:  0    Dex: 13    Spells: 3/3 levels left

rFire    . . .     SeeInvis .   a - +0 hand axe
rCold    . . .     Gourm    .   b - +0 robe
rNeg     + . .     Faith    .   d - +0 large shield
rPois    ∞         Spirit   .   (no helmet)
rElec    +         Reflect  .   (no cloak)
rCorr    .         Harm     .   (no gloves)
MR       .....                  (no boots)
Stlth    +.........             (no amulet)
Regen    0.1/turn               (no ring)
MPRegen  0.1/turn               (no ring)

@: confused
A: negative energy resistance 1, electricity resistance, unbreathing,
petrification resistance, rot immunity, AC +3
a: no special abilities


You were on level 4 of the Dungeon.
You were not hungry.

You visited 1 branch of the dungeon, and saw 3 of its levels.

You collected 93 gold pieces.

Inventory:

Hand Weapons
 a - a +0 hand axe (weapon)
 f - a +0 mace
Missiles
 j - 2 curare-tipped needles
Armour
 b - a +0 robe (worn)
 d - a +0 large shield (worn)
 k - a +0 cloak
Scrolls
 e - 2 scrolls of identify {unknown}
 h - a scroll of fog {unknown}
 m - a scroll of remove curse {unknown}
 n - a scroll of recharging {unknown}
Potions
 l - a potion of flight {unknown}
 q - a potion of curing {unknown}
Comestibles
 c - 3 bread rations
 i - a meat ration
 o - a royal jelly
 p - 2 chunks of flesh


   Skills:
 - Level 3.2 Fighting
 + Level 4.6 Axes
 - Level 2.4 Dodging
 - Level 2.1 Stealth


You had 3 spell levels left.
You didn't know any spells.

Dungeon Overview and Level Annotations

Branches:
Dungeon (2/15)

Altars:
Xom


Innate Abilities, Weirdness & Mutations

You are resistant to torment.
Your stone body is resilient. (AC +3)
You are immune to poison.
You resist negative energy. (rN+)
You are resistant to electric shocks. (rElec)
You can survive without breathing.
You are immune to petrification.
You are immune to rotting.


Message History

The worm bites you.
* * * LOW HITPOINT WARNING * * *
An orc comes into view. It is wielding a whip.
You block the gnoll's attack.
An ooze, an orc and an orc wizard come into view.
There is an open door here.
Okay, then.
Found a stone staircase leading up.
The orc wizard points at you and mumbles some strange words.
You are confused.
An iguana comes into view.
The orc hits you but does no damage. The ooze hits you but does no damage.
The orc wizard barely misses you.
You're too confused to move!
The ooze hits you.
* * * LOW HITPOINT WARNING * * *
The howler monkey hoots and howls with incredible vigour!
The orc wizard hits you with a dagger.
* * * LOW HITPOINT WARNING * * *
The orc hits you with a whip.
You die...

.$......##...........
........##...#....#.
...................
........#..........
........#........<
........#.....l.#
........#....oJ#####.#
.......ggh.Zgo@.......
........#.w..o.#...#..
.......h#......# .....
........#......# .#..
#...(...######## # .
###....(. ......(.
####...... #.....%


You could see a worm, a howler monkey, an iguana, an orc wizard, 3 gnolls, an
ooze, 2 orcs and a bullfrog zombie.

Vanquished Creatures
  Ijyb (D:2)
  An adder (D:2)
  An ooze (D:1)
  A dart slug (D:1)
  A leopard gecko (D:2)
  A ball python (D:2)
  3 giant cockroaches
  3 goblins
  4 hobgoblins
  2 jackals (D:1)
  7 kobolds
  5 bats
  5 frilled lizards
  8 rats
43 creatures vanquished.

Notes
Turn   | Place    | Note
-------+----------+-------------------------------------------
     0 | D:1      | w00t the Gargoyle Monk began the quest for the Orb.
     0 | D:1      | Reached XP level 1. HP: 14/14 MP: 1/1
    45 | D:1      | Reached skill level 3 in Axes
   145 | D:1      | Reached XP level 2. HP: 19/19 MP: 2/2
  1024 | D:1      | Reached XP level 3. HP: 23/23 MP: 3/3
  1318 | D:2      | Reached skill level 4 in Axes
  1559 | D:2      | Noticed Ijyb
  1594 | D:2      | Killed Ijyb
  1594 | D:2      | Reached XP level 4. HP: 23/28 MP: 4/4
  1795 | D:2      | Found a shimmering altar of Xom.
  1795 | D:2      | Found a shimmering altar of Xom.
  1798 | D:2      | Found a shimmering altar of Xom.
  1798 | D:2      | Found a shimmering altar of Xom.
  1798 | D:2      | Found a shimmering altar of Xom.
  1834 | D:2      | You fall through a shaft for 2 floors!
  1853 | D:4      | Slain by an orc

Vault maps used:
D:1:      dpeg_arrival_erosion
D:2:      xom_redecorated, kennysheep_generic_room_14, uniq_iyjb
D:4:      lemuel_crystal_altar, gammafunk_temple_overflow_pools, first_bread,
          grunt_qazlal_clouds

Skill      XL: |  1  2  3 |
---------------+----------+-----
Axes           | 3 4 |  4.6
Fighting       | |  3.2
Dodging        | |  2.4
Stealth        | |  2.1

Action                   |  1- 3 |  4- 6 || total
-------------------------+-------+-------++-------
Melee: Hand axe          |   107 |    23 ||   130
Throw: Stone             |    79 |    27 ||   106
 Stab: Sleeping          |     2 |       ||     2
       Distracted        |     1 |       ||     1
  Eat: Chunk             |     2 |     1 ||     3
Armor: Robe              |    30 |     9 ||    39
Dodge: Dodged            |    33 |     8 ||    41
Block: Large shield      |    53 |    16 ||    69
